Map: Tokamak LE

Players

Lambo

  • Race: Zerg Zerg
  • Spawn Location: 7:00

VITRyung (Ryung) - Winner!

  • Race: Terran Terran
  • League: Master
  • Spawn Location: 1:00

Event: HomeStory Cup XXVII

VOD

Have the link to the VOD?

Description

Time

  • Played on: June 27, 2025, 8:55 a.m.
  • Length: 22:51

All games in this series

Show
View Real Time Build Order
Export as new Build Order

Lambo Zerg 

Build Orders: Hatch First, Roach Hydra, Swarm Host 

Get SALT Encoding   

  12  0:00  Drone  
  13  0:08  Drone  
  14  0:15  Drone, Extractor  
  15  0:21  Overlord  
  15  0:39  Drone  
  16  0:45  Hatchery  
  16  0:48  Drone  
  16  0:51  Drone  
  16  0:55  Drone  
  18  1:06  Extractor  
  18  1:10  Spawning Pool  
  16  1:13  Drone  
  16  1:17  Drone  
  18  1:26  Drone  
  19  1:36  Drone  
  20  1:47  Drone  
  21  1:57  Queen x2  
  21  1:58  Drone, Zergling x2  
  27  2:07  Zergling x2  
  28  2:11  Overlord  
  28  2:12  Metabolic Boost  
  28  2:25  Hatchery  
  28  2:28  Drone  
  28  2:30  Drone  
  28  2:32  Drone  
  28  2:36  Drone  
  31  2:40  Drone  
  32  2:44  Overlord  
  32  2:50  Queen  
  34  2:52  Drone  
  34  2:54  Drone  
  36  3:03  Drone x2  
  36  3:05  Overlord  
  38  3:09  Drone x3  
  38  3:12  Drone x2  
  43  3:18  Extractor  
  43  3:19  Queen  
  42  3:24  Drone  
  46  3:28  Queen  
  46  3:32  Drone x3  
  51  3:38  Drone x2  
  51  3:39  Drone x2  
  51  3:41  Drone  
  56  3:42  Drone  
  56  3:51  Queen  
  56  3:52  Roach Warren  
  56  3:54  Overlord  
  57  4:04  Overlord  
  57  4:08  Extractor  
  56  4:10  Zergling x2  
  56  4:13  Zergling x2, Drone  
  56  4:14  Drone x6  
  65  4:18  Overlord  
  65  4:20  Lair  
  65  4:21  Overlord  
  65  4:24  Drone x2  
  65  4:26  Drone  
  68  4:35  Extractor  
  68  4:36  Roach  
  68  4:37  Overlord  
  68  4:38  Roach  
  71  4:39  Zergling x2  
  71  4:42  Drone x8  
  71  4:45  Roach  
  82  4:51  Spore Crawler  
  82  4:52  Drone  
  82  4:53  Spore Crawler x2  
  82  4:54  Drone  
  82  4:56  Drone  
  81  5:03  Extractor  
  81  5:05  Drone x2  
  82  5:07  Extractor  
  82  5:08  Drone  
  82  5:09  Extractor  
  82  5:10  Drone x3  
  82  5:11  Evolution Chamber  
  82  5:12  Evolution Chamber  
  82  5:13  Hatchery, Roach  
  83  5:14  Roach  
  83  5:16  Drone x2  
  83  5:19  Drone x2  
  83  5:20  Drone  
  90  5:24  Overseer  
  90  5:26  Overlord  
  89  5:29  Overseer  
  89  5:36  Drone x2, Infestation Pit  
  89  5:38  Glial Reconstitution  
  89  5:39  Overlord  
  89  5:41  Overlord x2  
  90  5:44  Overlord  
  90  5:46  Drone x2  
  90  5:47  Drone x3  
  95  5:50  Zerg Ground Armor Level 1  
  95  5:53  Ravager  
  95  5:56  Overlord, Roach  
  98  5:57  Drone x2  
  98  6:02  Roach  
  98  6:03  Roach x2  
  106  6:06  Roach  
  106  6:07  Overlord  
  106  6:08  Baneling Nest, Drone  
  106  6:11  Overlord  
  108  6:12  Drone  
  108  6:15  Zerg Missile Weapons Level 1  
  108  6:16  Roach  
  108  6:17  Drone  
  108  6:18  Drone x2  
  113  6:21  Hydralisk Den  
  114  6:26  Overlord  
  114  6:27  Roach x2  
  114  6:28  Overlord, Extractor, Roach  
  114  6:32  Infestor  
  121  6:34  Extractor, Roach x2  
  121  6:39  Drone x2  
  127  6:40  Drone  
  127  6:43  Drone x6  
  132  6:51  Infestor, Roach x2  
  132  6:53  Drone x4  
  141  6:58  Roach  
  143  7:02  Overlord  
  143  7:08  Roach x6  
  155  7:10  Roach  
  155  7:11  Roach  
  155  7:14  Roach x3  
  157  7:18  Roach  
  157  7:22  Roach x2  
  158  7:24  Ravager  
  158  7:25  Roach x4  
  161  7:31  Tunneling Claws  
  161  7:33  Burrow  
  161  7:34  Overlord  
  161  7:35  Overlord x2  
  161  7:36  Overlord  
  161  7:37  Muscular Augments  
  161  7:40  Overlord  
  161  7:43  Overlord  
  161  7:48  Hydralisk  
  159  7:53  Spine Crawler  
  159  7:56  Infestor  
  156  7:59  Drone x7  
  156  8:03  Hydralisk x6  
  173  8:09  Hydralisk x2  
  177  8:18  Hive  
  177  8:19  Hydralisk x2  
  181  8:20  Ravager  
  181  8:21  Ravager, Spire  
  182  8:27  Roach  
  182  8:28  Roach  
  182  8:29  Roach x9  
  182  8:30  Drone x3  
  189  8:37  Hydralisk, Spine Crawler  
  189  8:38  Hydralisk  
  189  8:39  Hatchery  
  189  8:41  Grooved Spines  
  191  8:44  Hydralisk  
  191  8:45  Hydralisk x2  
  189  8:51  Roach x4  
  181  9:00  Drone x5  
  182  9:04  Zerg Missile Weapons Level 2  
  182  9:07  Ravager x2  
  184  9:15  Spine Crawler  
  183  9:19  Drone x3  
  183  9:22  Infestor x2  
  186  9:26  Hatchery  
  185  9:34  Greater Spire  
  185  9:51  Neural Parasite, Corruptor x7  
  197  10:01  Corruptor  
  187  10:38  Queen x2  
  187  10:39  Unknown  
  187  10:40  Infestor x2  
  189  10:43  Spine Crawler  
  189  10:45  Spine Crawler  
  189  10:46  Brood Lord x6  
  189  10:47  Brood Lord, Extractor x2  
  199  10:51  Spine Crawler, Brood Lord  
  200  11:22  Hatchery  
  186  11:25  Hydralisk x9  
  186  11:26  Hydralisk  
  175  11:44  Roach x17  
  188  11:48  Roach x7  
  188  11:53  Roach x2  
  188  11:54  Roach x2  
  198  12:00  Roach  
  200  12:03  Roach  
  184  12:09  Hatchery  
  184  12:10  Roach x5  
  184  12:11  Infestor x2  
  184  12:12  Roach x2  
  184  12:14  Pneumatized Carapace  
  173  12:21  Hydralisk x3  
  177  12:28  Roach x8  
  133  12:30  Roach  
  133  12:32  Hydralisk x2  
  133  12:35  Queen x2  
  133  12:36  Queen  
  117  12:38  Hydralisk x2  
  111  12:50  Swarm Host x5  
  126  12:53  Swarm Host  
  126  12:57  Drone x6, Queen  
  137  13:00  Extractor  
  137  13:03  Extractor  
  137  13:04  Swarm Host x2  
  137  13:05  Roach x4  
  141  13:07  Drone x2, Roach x2  
  141  13:12  Swarm Host  
  141  13:15  Swarm Host x2  
  141  13:16  Roach x3  
  150  13:22  Swarm Host, Roach x2  
  153  13:29  Swarm Host x2  
  153  13:33  Swarm Host  
  160  13:37  Drone x7  
  160  13:39  Drone x2  
  169  13:43  Swarm Host x2  
  169  13:46  Drone x6  
  169  13:47  Spine Crawler  
  176  13:50  Roach x3  
  176  13:54  Swarm Host x2  
  182  14:00  Roach x5  
  182  14:01  Spine Crawler, Ravager  
  192  14:06  Queen  
  192  14:07  Queen  
  192  14:08  Drone x3  
  192  14:09  Queen  
  199  14:14  Overlord x2  
  199  14:18  Overlord, Ravager  
  199  14:24  Roach x3  
  200  14:26  Overlord  
  198  14:36  Roach x5  
  200  14:50  Roach x3  
  200  14:51  Ravager  
  200  14:52  Ravager x4  
  197  14:57  Drone  
  187  15:01  Roach x7  
  194  15:12  Ravager  
  194  15:13  Ravager x6  
  194  15:14  Roach  
  199  15:15  Drone, Spine Crawler  
  199  15:39  Spine Crawler  
  187  15:44  Roach x9  
  187  15:46  Hatchery  
  187  15:47  Infestor  
  199  15:55  Ravager  
  200  15:58  Zerg Ground Armor Level 2  
  200  16:08  Infestor  
  200  16:16  Zerg Missile Weapons Level 3  
  200  16:18  Nydus Network  
  196  16:31  Hydralisk x2  
  200  16:33  Queen x4  
  191  16:49  Infestor  
  191  16:52  Hydralisk x6  
  192  17:01  Hydralisk  
  192  17:02  Hydralisk x7  
  192  17:05  Overseer x2  
  192  17:06  Hydralisk x6  
  193  17:12  Hydralisk x2  
  186  17:16  Spore Crawler  
  186  17:21  Overseer, Roach  
  186  17:22  Drone x3  
  170  17:30  Swarm Host x2  
  176  17:40  Infestor x2  
  180  17:47  Drone x5  
  181  18:01  Ravager x3  
  181  18:04  Overseer  
  184  18:10  Corruptor  
  184  18:11  Zerg Flyer Weapons Level 1  
  186  18:21  Corruptor x2  
  186  18:24  Spore Crawler  
  186  18:25  Spore Crawler  
  188  18:28  Spore Crawler  
  188  18:30  Spore Crawler  
  186  18:37  Drone x4  
  190  18:44  Corruptor x3  
  186  19:22  Brood Lord x6  
  182  19:43  Hatchery  
  175  19:47  Swarm Host  
  175  19:49  Corruptor  
  175  19:50  Corruptor x2  
  168  20:05  Infestor x4  
  148  20:21  Brood Lord  
  148  20:25  Drone x3, Extractor  
  148  20:33  Hatchery  
  148  20:34  Brood Lord  
  149  20:39  Zergling x2  
  150  20:44  Roach  
  152  21:04  Roach  
  152  21:05  Roach x2  
  152  21:09  Brood Lord  
  152  21:11  Roach x2  
  161  21:21  Roach  
  161  21:23  Hatchery  
  147  21:31  Roach x3  
  153  21:41  Hydralisk x2  
  145  21:54  Roach x3  
  151  22:04  Roach x2  
  143  22:09  Roach  
  143  22:15  Ravager x4  
  147  22:22  Ravager  
  148  22:23  Drone x2  
Show
View Real Time Build Order
Export as new Build Order

VITRyung Terran - Winner!

Build Orders: Command Center First, Hellion Banshee, Mech 

Get SALT Encoding   

  12  0:00  SCV  
  13  0:12  SCV  
  14  0:17  Supply Depot  
  14  0:24  SCV  
  15  0:39  SCV  
  16  0:51  SCV  
  17  0:58  Command Center  
  17  1:03  SCV  
  18  1:08  Refinery  
  18  1:15  SCV  
  19  1:20  Barracks  
  19  1:27  SCV  
  20  1:39  SCV  
  21  1:51  SCV  
  22  2:04  Refinery  
  22  2:07  Orbital Command, Marine  
  23  2:09  Factory  
  23  2:10  Orbital Command  
  23  2:29  Barracks Reactor  
  23  2:33  SCV  
  23  2:36  SCV  
  25  2:45  SCV  
  25  2:48  Command Center, SCV  
  27  2:57  Starport, SCV  
  28  3:00  SCV  
  28  3:05  Supply Depot  
  29  3:09  SCV  
  29  3:10  Hellion  
  29  3:12  SCV  
  33  3:14  Hellion  
  33  3:16  Barracks Tech Lab  
  35  3:22  SCV  
  35  3:24  SCV  
  37  3:31  Supply Depot  
  37  3:32  Hellion  
  37  3:34  SCV  
  40  3:36  SCV  
  40  3:40  Banshee, Marine  
  45  3:49  SCV  
  45  3:52  SCV  
  45  3:53  Hellion x2  
  51  3:57  Supply Depot  
  51  3:58  Marine  
  52  4:03  Orbital Command, SCV  
  52  4:04  SCV  
  54  4:15  Factory  
  54  4:18  Barracks Tech Lab  
  54  4:19  SCV x2  
  54  4:21  Factory  
  54  4:23  Refinery  
  56  4:25  Refinery  
  56  4:29  Orbital Command  
  57  4:31  SCV x2  
  57  4:37  Hellion x2  
  62  4:46  SCV x2  
  64  4:53  Factory  
  64  4:54  Factory  
  64  4:58  SCV x3  
  67  5:10  SCV x3  
  67  5:11  Supply Depot x2  
  70  5:14  Supply Depot  
  70  5:18  Cyclone x2, Mag-Field Accelerator  
  76  5:22  SCV  
  77  5:33  Hellion x2, Supply Depot, SCV x2  
  77  5:34  Supply Depot, SCV  
  77  5:35  Supply Depot  
  84  5:36  Infernal Pre-Igniter  
  84  5:40  Factory Tech Lab  
  84  5:45  SCV x2  
  84  5:46  Factory Reactor, SCV  
  87  5:50  Cyclone x2  
  93  5:57  SCV x2  
  93  5:58  Hellion x2, Cyclone  
  93  6:02  Supply Depot  
  93  6:03  Refinery, Supply Depot  
  102  6:04  SCV  
  102  6:05  Refinery  
  102  6:09  SCV  
  104  6:16  SCV  
  104  6:17  SCV  
  106  6:21  SCV  
  106  6:22  Cyclone x2  
  113  6:25  Supply Depot  
  113  6:27  Hellion x4  
  113  6:28  SCV  
  113  6:29  SCV  
  123  6:43  SCV  
  123  6:44  SCV x2  
  123  6:46  Command Center  
  126  6:49  Cyclone  
  126  6:52  Hellion x4  
  137  6:54  Cyclone  
  137  6:57  Supply Depot  
  137  7:09  SCV x2  
  137  7:12  Cyclone  
  140  7:18  SCV, Armory  
  140  7:19  Armory  
  140  7:21  SCV x2  
  138  7:26  Hellion x3, Cyclone  
  138  7:29  Siege Tank  
  141  7:36  SCV x2  
  141  7:37  Supply Depot x2, SCV  
  144  7:39  Hellion  
  146  7:44  Siege Tank  
  146  7:51  Hellion x3  
  141  7:58  Siege Tank  
  141  7:59  SCV x3  
  141  8:01  Siege Tank  
  141  8:11  SCV x2  
  143  8:14  Terran Vehicle Weapons Level 1, Terran Vehicle And Ship Armor Level 1  
  143  8:17  Siege Tank  
  143  8:21  Engineering Bay  
  143  8:25  Hellion x3  
  149  8:30  Siege Tank  
  149  8:31  Factory x3  
  149  8:33  Refinery  
  149  8:34  Refinery  
  152  8:39  Siege Tank  
  152  8:40  Starport Reactor  
  155  8:48  Planetary Fortress  
  155  8:51  Missile Turret  
  155  8:53  Missile Turret, Sensor Tower  
  149  9:02  Siege Tank x2  
  147  9:03  Hellion x3  
  147  9:04  Hellion  
  147  9:08  Command Center  
  155  9:10  Sensor Tower  
  155  9:17  Viking x2  
  155  9:18  Factory Reactor, Factory Tech Lab  
  155  9:19  Factory Tech Lab  
  155  9:21  Supply Depot  
  155  9:22  Supply Depot  
  159  9:34  Hellion x4, Siege Tank  
  159  9:35  Siege Tank  
  159  9:38  Factory Tech Lab  
  173  9:43  Smart Servos  
  173  9:47  Viking x2  
  177  9:57  Hellion x6  
  189  10:00  Siege Tank x2  
  195  10:10  Terran Vehicle And Ship Armor Level 2, Terran Vehicle Weapons Level 2  
  195  10:14  Cyclone x2  
  185  10:30  Command Center  
  185  10:32  Viking x2  
  189  10:42  Siege Tank x2  
  195  10:48  Starport  
  195  10:50  Starport  
  195  11:02  Viking x2  
  199  11:23  Cyclone  
  199  11:24  Cyclone  
  195  11:26  Siege Tank  
  195  11:30  Siege Tank x2  
  167  11:40  Hellion  
  167  11:41  Hellion  
  167  11:43  Hellion x3  
  153  11:54  Viking x2  
  145  12:05  Thor x3  
  145  12:06  Thor  
  148  12:18  Hellion x3  
  130  12:33  Hellion x4  
  130  12:36  SCV x2  
  125  12:37  Refinery, SCV  
  125  12:38  Refinery  
  125  12:39  Hellion, SCV  
  125  12:40  Hellion x2  
  130  12:48  Thor, Cyclone x2, Orbital Command, SCV  
  130  12:49  SCV  
  144  12:51  SCV  
  144  12:52  Engineering Bay, SCV  
  146  12:58  Orbital Command  
  146  13:00  SCV  
  146  13:01  SCV  
  146  13:03  SCV  
  146  13:04  SCV  
  148  13:17  SCV x2  
  148  13:18  SCV  
  148  13:24  Missile Turret  
  148  13:26  Terran Vehicle Weapons Level 3  
  147  13:28  Planetary Fortress  
  147  13:30  Missile Turret, SCV x3  
  149  13:40  Missile Turret, Siege Tank  
  155  13:41  Siege Tank x2  
  155  13:47  SCV  
  155  13:48  SCV x2  
  159  13:49  SCV  
  163  13:55  Cyclone  
  163  13:59  Factory Tech Lab  
  163  14:01  SCV x2  
  165  14:04  SCV x2  
  165  14:05  SCV  
  165  14:09  Refinery  
  166  14:12  Cyclone  
  166  14:13  Cyclone  
  170  14:17  Starport Tech Lab x2  
  170  14:22  Cyclone  
  170  14:23  Cyclone  
  176  14:26  Supply Depot  
  176  14:27  Cyclone, Supply Depot  
  173  14:40  Hellion x4  
  173  14:44  Cyclone  
  173  14:45  Cyclone  
  173  14:56  Cyclone  
  173  14:57  Cyclone, Banshee x2  
  185  15:00  Cloaking Field  
  175  15:12  Hellion x6  
  180  15:16  Medivac x2  
  181  15:22  Terran Vehicle And Ship Armor Level 3  
  181  15:30  Command Center  
  181  15:40  Banshee x2  
  184  15:44  Hyperflight Rotors  
  184  15:47  Cyclone x2  
  184  15:48  Cyclone x2  
  184  15:49  Hellion  
  187  15:52  Hellion  
  183  15:59  SCV x2  
  183  16:03  Terran Ship Weapons Level 1  
  185  16:13  Siege Tank  
  188  16:19  Siege Tank  
  188  16:20  Siege Tank  
  188  16:23  Banshee  
  189  16:38  SCV x2  
  179  16:41  Banshee  
  182  16:52  Siege Tank x4  
  182  16:53  Hellion  
  185  16:54  Orbital Command  
  185  16:56  Hellion x2  
  182  17:06  Banshee  
  176  17:11  SCV x4  
  176  17:12  Siege Tank  
  176  17:14  Hellion  
  176  17:15  Hellion  
  185  17:23  SCV  
  185  17:24  Banshee, Siege Tank x2  
  177  17:47  Siege Tank  
  177  17:48  Banshee, Siege Tank  
  186  18:08  Siege Tank x3  
  186  18:09  SCV x2  
  186  18:10  SCV x2  
  199  18:22  Command Center  
  199  18:30  Command Center  
  199  18:36  Refinery  
  199  18:37  Refinery  
  199  18:43  Engineering Bay  
  199  18:46  Terran Ship Weapons Level 2  
  190  19:04  Raven  
  190  19:05  Siege Tank x3  
  192  19:11  Orbital Command  
  192  19:13  SCV x3  
  192  19:14  SCV  
  199  19:17  Siege Tank  
  196  19:25  SCV  
  196  19:26  Hellion  
  195  19:32  Hellion x2, Siege Tank  
  184  19:57  Viking x2  
  184  19:59  Viking x2  
  183  20:14  Thor x5  
  158  20:15  Hellion x5  
  179  20:22  Hellion  
  181  20:33  Orbital Command  
  181  20:36  Orbital Command  
  181  20:41  Orbital Command  
  181  20:53  Viking x2  
  178  21:11  Hellion x8  
  178  21:15  Thor x3  
  193  21:24  Hellion x4  
  195  21:28  Refinery  
  195  21:35  Hellion x4  
  189  21:45  Hellion x2  
  181  21:53  Hellion  
  183  21:55  Hellion  
  183  21:56  Hellion  
  187  22:02  Hellion x2  
  187  22:08  Orbital Command  
  183  22:15  Siege Tank  
Tags
 
Add a new tag
Caveats
  • Supply blocks, unpowered buildings, or Contaminate may cause inaccurate times.
  • Supply counts are checked every 10 seconds.